| TOP OF THE 1ST |
|
Boise Hawks batting - Pitching for Tri-City Dust Devils : RHP Takahide Watanabe
|
|
Pitching: RHP Takahide Watanabe
|
|
|
Batting: LHB Eddie Gonzalez
|
0-0: DOUBLE (Line Drive, 89D, EV 106.3 MPH)
|
|
Batting: RHB Ryan Rinaldi
|
0-0: Foul Ball, location: 2F 0-1: Foul Ball, location: 2F 0-2: Foul Ball, location: 2F 0-2: Ball 1-2: Fly out, F9 (Line Drive, 9, EV 101.3 MPH)
|
|
Batting: LHB Greg Valenzuela
|
0-0: Ball 1-0: Foul Ball, location: 2F 1-1: Ball 2-1: SINGLE (Groundball, 4D, EV 106.9 MPH) Eddie Gonzalez to third
|
|
Batting: RHB Henry Alvizo
|
Balk! Eddie Gonzalez scores Greg Valenzuela to second 0-0: Ground out 6-3 (Groundball, 6, EV 105.6 MPH)
|
|
Batting: LHB Glenn Lowther
|
0-0: Foul Ball, location: 2F 0-1: Called Strike 0-2: Fly out, F9 (Line Drive, 89M, EV 96.3 MPH)
|
| Top of the 1st over - 1 run, 2 hits, 0 errors, 1 left on base; Boise 1 - Tri-City 0 |
| BOTTOM OF THE 1ST |
|
Tri-City Dust Devils batting - Pitching for Boise Hawks : LHP John Mandarino
|
|
Pitching: LHP John Mandarino
|
|
|
Batting: RHB Ruben Luis
|
0-0: Ball 1-0: Swinging Strike 1-1: SINGLE (Groundball, 56S, EV 66.3 MPH) (infield hit)
|
|
Batting: SHB Ryan Brown
|
0-0: Ball 1-0: Called Strike 1-1: Ball 2-1: Swinging Strike 2-2: Ball 3-2: Strikes out swinging
|
|
Batting: LHB Frank McConnell
|
0-0: Swinging Strike 0-1: Ball 1-1: Ball 2-1: Fielders Choice at 2nd, 4-6 (Groundball, 4, EV 85.6 MPH)
|
|
Batting: RHB Jaden Scott
|
0-0: Ball 1-0: Called Strike 1-1: Ball 2-1: Called Strike 2-2: Foul Ball, location: 2F 2-2: Foul Ball, location: 2F 2-2: Strikes out swinging
|
| Bottom of the 1st over - 0 runs, 1 hit, 0 errors, 1 left on base; Boise 1 - Tri-City 0 |
| TOP OF THE 2ND |
|
Boise Hawks batting - Pitching for Tri-City Dust Devils : RHP Takahide Watanabe
|
|
Batting: RHB Eric Delgado
|
0-0: Ball 1-0: Ball 2-0: Called Strike 2-1: Called Strike 2-2: Ball 3-2: Foul Ball, location: 2F 3-2: Foul Ball, location: 2F 3-2: Ground out 4-3 (Groundball, 4, EV 101.3 MPH)
|
|
Batting: RHB Chris Tatum
|
0-0: Ball 1-0: Ground out 6-3 (Groundball, 6, EV 80.6 MPH)
|
|
Batting: LHB Zane Kelton
|
0-0: Ball 1-0: Ball 2-0: Called Strike 2-1: Ground out 3-1 (Groundball, 34, EV 104.4 MPH)
|
| Top of the 2nd over - 0 runs, 0 hits, 0 errors, 0 left on base; Boise 1 - Tri-City 0 |
| BOTTOM OF THE 2ND |
|
Tri-City Dust Devils batting - Pitching for Boise Hawks : LHP John Mandarino
|
|
Batting: RHB Hector Fernandez
|
0-0: Ball 1-0: Called Strike 1-1: Swinging Strike 1-2: Foul Ball, location: 2F 1-2: Ground out 6-3 (Groundball, 6, EV 105.0 MPH)
|
|
Batting: RHB Joe Weissman
|
0-0: Ball 1-0: Called Strike 1-1: Foul Ball, location: 2F 1-2: SINGLE (Groundball, 56D, EV 103.1 MPH)
|
|
Batting: RHB Jeremy Mercer
|
0-0: Swinging Strike 0-1: Ball 1-1: Ball 2-1: Grounds into double play, 4-6-3 (Groundball, 4S, EV 84.4 MPH)
|
| Bottom of the 2nd over - 0 runs, 1 hit, 0 errors, 0 left on base; Boise 1 - Tri-City 0 |
| TOP OF THE 3RD |
|
Boise Hawks batting - Pitching for Tri-City Dust Devils : RHP Takahide Watanabe
|
|
Batting: SHB Jamie Locke
|
0-0: Called Strike 0-1: Ball 1-1: Called Strike 1-2: Ground out 6-3 (Groundball, 6, EV 102.5 MPH)
|
|
Batting: LHB Eddie Gonzalez
|
0-0: Called Strike 0-1: SINGLE (Groundball, 6MD, EV 93.8 MPH)
|
|
Batting: RHB Ryan Rinaldi
|
Balk! Eddie Gonzalez to second 0-0: Swinging Strike 0-1: Called Strike 0-2: Strikes out looking
|
|
Batting: LHB Greg Valenzuela
|
0-0: Called Strike Eddie Gonzalez steals 3rd base 0-1: Ball 1-1: Ball 2-1: Ball 3-1: Base on Balls
|
|
Batting: RHB Henry Alvizo
|
0-0: Ball 1-0: Swinging Strike 1-1: SINGLE (Groundball, 34S, EV 67.5 MPH) (infield hit) Eddie Gonzalez scores Greg Valenzuela to second
|
|
Batting: LHB Glenn Lowther
|
0-0: Called Strike Greg Valenzuela steals 3rd base 0-1: Swinging Strike 0-2: Strikes out swinging
|
| Top of the 3rd over - 1 run, 2 hits, 0 errors, 2 left on base; Boise 2 - Tri-City 0 |
| BOTTOM OF THE 3RD |
|
Tri-City Dust Devils batting - Pitching for Boise Hawks : LHP John Mandarino
|
|
Batting: RHB Ron Major
|
0-0: Ground out 6-3 (Groundball, 6M, EV 98.8 MPH)
|
|
Batting: LHB Paul Adams
|
0-0: Ball 1-0: Ball 2-0: Called Strike 2-1: Foul Ball, location: 2F 2-2: Ball 3-2: Strikes out swinging
|
|
Batting: RHB Ruben Luis
|
0-0: Ball 1-0: Ball 2-0: Ground out 5-3 (Groundball, 5, EV 98.8 MPH)
|
| Bottom of the 3rd over - 0 runs, 0 hits, 0 errors, 0 left on base; Boise 2 - Tri-City 0 |
| TOP OF THE 4TH |
|
Boise Hawks batting - Pitching for Tri-City Dust Devils : RHP Takahide Watanabe
|
|
Batting: RHB Eric Delgado
|
0-0: Ball 1-0: Foul Ball, location: 2F 1-1: Ground out 1-3 (Groundball, 13S, EV 69.4 MPH)
|
|
Batting: RHB Chris Tatum
|
0-0: Swinging Strike 0-1: Ball 1-1: Ground out 5-3 (Groundball, 5L, EV 93.8 MPH)
|
|
Batting: LHB Zane Kelton
|
0-0: DOUBLE (Line Drive, 7LM, EV 108.8 MPH)
|
|
Batting: SHB Jamie Locke
|
0-0: Fly out, F6 (Popup, 6M, EV 49.4 MPH)
|
| Top of the 4th over - 0 runs, 1 hit, 0 errors, 1 left on base; Boise 2 - Tri-City 0 |
| BOTTOM OF THE 4TH |
|
Tri-City Dust Devils batting - Pitching for Boise Hawks : LHP John Mandarino
|
|
Batting: SHB Ryan Brown
|
0-0: Ball 1-0: Ball 2-0: Called Strike 2-1: SINGLE (Groundball, 4MD, EV 94.4 MPH)
|
|
Batting: LHB Frank McConnell
|
0-0: Ball 1-0: Called Strike Ryan Brown steals 2nd base 1-1: Ball 2-1: Foul Ball, location: 2F 2-2: Foul Ball, location: 2F 2-2: Ball 3-2: Base on Balls
|
|
Batting: RHB Jaden Scott
|
0-0: Ball 1-0: Foul Ball, location: 2F 1-1: Ball 2-1: Foul Ball, location: 2F 2-2: Ball 3-2: Strikes out swinging
|
|
Batting: RHB Hector Fernandez
|
0-0: Foul Ball, location: 2F 0-1: Fly out, F2 (Popup, 23F, EV 78.1 MPH)
|
|
Batting: RHB Joe Weissman
|
0-0: Called Strike 0-1: Swinging Strike 0-2: Ball 1-2: Ball Wild Pitch! Ryan Brown to third Frank McConnell to second 2-2: Ball 3-2: Base on Balls
|
|
Batting: RHB Jeremy Mercer
|
0-0: Called Strike 0-1: Ball 1-1: Ball 2-1: Ball 3-1: Foul Ball, location: 2F 3-2: Foul Ball, location: 2F 3-2: Foul Ball, location: 2F 3-2: Strikes out swinging
|
| Bottom of the 4th over - 0 runs, 1 hit, 0 errors, 3 left on base; Boise 2 - Tri-City 0 |
| TOP OF THE 5TH |
|
Boise Hawks batting - Pitching for Tri-City Dust Devils : RHP Takahide Watanabe
|
|
Batting: LHB Eddie Gonzalez
|
0-0: Called Strike 0-1: Called Strike 0-2: DOUBLE (Line Drive, 9LD, EV 108.8 MPH)
|
|
Batting: RHB Ryan Rinaldi
|
0-0: Swinging Strike 0-1: Swinging Strike 0-2: Strikes out swinging
|
|
Batting: LHB Greg Valenzuela
|
0-0: Ball 1-0: Foul Ball, location: 2F 1-1: Ball 2-1: Ball 3-1: Base on Balls
|
|
Batting: RHB Henry Alvizo
|
0-0: Ball Eddie Gonzalez steals 3rd base Greg Valenzuela to second 1-0: Called Strike 1-1: Ball 2-1: Ball 3-1: Ground out 6-3 (Groundball, 56, EV 87.5 MPH)
|
|
Batting: LHB Glenn Lowther
|
0-0: Ground out 6-3 (Groundball, 6, EV 101.3 MPH)
|
| Top of the 5th over - 0 runs, 1 hit, 0 errors, 2 left on base; Boise 2 - Tri-City 0 |
| BOTTOM OF THE 5TH |
|
Tri-City Dust Devils batting - Pitching for Boise Hawks : LHP John Mandarino
|
|
Pitching: RHP Mike Clark
|
|
|
Batting: RHB Ron Major
|
0-0: Ball 1-0: Foul Ball, location: 2F 1-1: Ground out 6-3 (Groundball, 6S, EV 85.6 MPH)
|
|
Batting: LHB Paul Adams
|
0-0: Ball 1-0: Ball 2-0: Called Strike 2-1: Foul Ball, location: 2F 2-2: Strikes out swinging
|
|
Batting: RHB Ruben Luis
|
0-0: Ball 1-0: Called Strike 1-1: Called Strike 1-2: Foul Ball, location: 2F 1-2: Strikes out swinging
|
| Bottom of the 5th over - 0 runs, 0 hits, 0 errors, 0 left on base; Boise 2 - Tri-City 0 |
| TOP OF THE 6TH |
|
Boise Hawks batting - Pitching for Tri-City Dust Devils : RHP Takahide Watanabe
|
|
Batting: RHB Eric Delgado
|
0-0: Ball 1-0: Called Strike 1-1: Swinging Strike 1-2: Ball 2-2: Ball 3-2: Strikes out swinging
|
|
Batting: RHB Chris Tatum
|
0-0: Called Strike 0-1: Foul Ball, location: 2F 0-2: DOUBLE (Line Drive, 8RXD, EV 99.4 MPH)
|
|
Batting: LHB Zane Kelton
|
0-0: Ball 1-0: Ball 2-0: Foul Ball, location: 2F 2-1: SINGLE (Flyball, 8LS, EV 83.8 MPH) Chris Tatum to third
|
|
Batting: SHB Jamie Locke
|
0-0: Ball 1-0: Foul Ball, location: 2F 1-1: Ground out 5-3 (Groundball, 6S, EV 84.4 MPH) Zane Kelton to second
|
|
Batting: LHB Eddie Gonzalez
|
0-0: Ground out 4-3 (Groundball, 4, EV 86.3 MPH)
|
| Top of the 6th over - 0 runs, 2 hits, 0 errors, 2 left on base; Boise 2 - Tri-City 0 |
| BOTTOM OF THE 6TH |
|
Tri-City Dust Devils batting - Pitching for Boise Hawks : RHP Mike Clark
|
|
Batting: SHB Ryan Brown
|
0-0: Foul Ball, location: 2F 0-1: Called Strike 0-2: DOUBLE (Line Drive, 7LM, EV 103.8 MPH)
|
|
Batting: LHB Frank McConnell
|
0-0: Called Strike 0-1: Called Strike 0-2: SINGLE (Groundball, 6M, EV 85.6 MPH) (infield hit) Ryan Brown to third
|
|
Pinch Hitting: LHB Roger Duque
|
0-0: Ball Frank McConnell is caught stealing 2nd base 2-6 1-0: Called Strike 1-1: DOUBLE (Line Drive, 78D, EV 109.4 MPH) Ryan Brown scores
|
|
Batting: RHB Hector Fernandez
|
0-0: Ball 1-0: Swinging Strike 1-1: Foul Ball, location: 2F 1-2: Ball 2-2: Ground out 1-3 (Groundball, 25, EV 63.8 MPH)
|
|
Batting: RHB Joe Weissman
|
0-0: Swinging Strike 0-1: Ball 1-1: Ball 2-1: Foul Ball, location: 2F 2-2: Ground out U3 (Groundball, 3L, EV 78.8 MPH)
|
| Bottom of the 6th over - 1 run, 3 hits, 0 errors, 1 left on base; Boise 2 - Tri-City 1 |
| TOP OF THE 7TH |
|
Boise Hawks batting - Pitching for Tri-City Dust Devils : RHP Takahide Watanabe
|
|
Now in LF: Roger Duque
|
|
|
Batting: RHB Ryan Rinaldi
|
0-0: Ball 1-0: Ball 2-0: Called Strike 2-1: Ball 3-1: Called Strike 3-2: Foul Ball, location: 2F 3-2: Strikes out swinging
|
|
Batting: LHB Greg Valenzuela
|
0-0: Ball 1-0: Called Strike 1-1: Called Strike 1-2: Foul Ball, location: 2F 1-2: Foul Ball, location: 2F 1-2: Foul Ball, location: 2F 1-2: Ball 2-2: Ball 3-2: SINGLE (Line Drive, 8LM, EV 95.0 MPH)
|
|
Pitching: RHP Eric Teixeira
|
|
|
Batting: RHB Henry Alvizo
|
0-0: Ball Greg Valenzuela steals 2nd base 1-0: Ball 2-0: Called Strike 2-1: Foul Ball, location: 2F 2-2: Strikes out swinging
|
|
Batting: LHB Glenn Lowther
|
0-0: Ball 1-0: SINGLE (Line Drive, 3D, EV 96.9 MPH) Greg Valenzuela to third
|
|
Batting: RHB Eric Delgado
|
0-0: Ball 1-0: Ball 2-0: Ball 3-0: Foul Ball, location: 2F 3-1: Swinging Strike 3-2: SINGLE (Line Drive, 8RS, EV 90.6 MPH) Greg Valenzuela scores Glenn Lowther to second Glenn Lowther to third
|
|
Batting: RHB Chris Tatum
|
0-0: Ball 1-0: Ball 2-0: Foul Ball, location: 2F 2-1: Foul Ball, location: 2F 2-2: Strikes out looking
|
| Top of the 7th over - 1 run, 3 hits, 0 errors, 2 left on base; Boise 3 - Tri-City 1 |
| BOTTOM OF THE 7TH |
|
Tri-City Dust Devils batting - Pitching for Boise Hawks : RHP Mike Clark
|
|
Pitching: LHP Dan Ott
|
|
|
Batting: RHB Jeremy Mercer
|
0-0: Swinging Strike 0-1: Called Strike 0-2: Ball 1-2: Strikes out looking
|
|
Batting: RHB Ron Major
|
0-0: DOUBLE (Line Drive, 9LM, EV 95.0 MPH)
|
|
Batting: LHB Paul Adams
|
0-0: Called Strike 0-1: Ball Wild Pitch! Ron Major to third 1-1: Foul Ball, location: 2F 1-2: Ball 2-2: Foul Ball, location: 2F 2-2: Foul Ball, location: 2F 2-2: Ball 3-2: Ground out 2-3 (Groundball, 2L, EV 71.9 MPH)
|
|
Batting: RHB Ruben Luis
|
0-0: Ball 1-0: Fly out, F9 (Flyball, 89S, EV 83.1 MPH)
|
| Bottom of the 7th over - 0 runs, 1 hit, 0 errors, 1 left on base; Boise 3 - Tri-City 1 |
| TOP OF THE 8TH |
|
Boise Hawks batting - Pitching for Tri-City Dust Devils : RHP Eric Teixeira
|
|
Pitching: RHP Josh Smith
|
|
|
Batting: LHB Zane Kelton
|
0-0: Swinging Strike 0-1: Foul Ball, location: 2F 0-2: Foul Ball, location: 2F 0-2: Ball 1-2: Ball 2-2: Foul Ball, location: 2F 2-2: Foul Ball, location: 2F 2-2: Strikes out swinging
|
|
Batting: SHB Jamie Locke
|
0-0: Ball 1-0: Ball 2-0: Called Strike 2-1: Called Strike 2-2: Ball 3-2: Strikes out swinging
|
|
Batting: LHB Eddie Gonzalez
|
0-0: Foul Ball, location: 2F 0-1: Ground out 6-3 (Groundball, 6, EV 103.1 MPH)
|
| Top of the 8th over - 0 runs, 0 hits, 0 errors, 0 left on base; Boise 3 - Tri-City 1 |
| BOTTOM OF THE 8TH |
|
Tri-City Dust Devils batting - Pitching for Boise Hawks : LHP Dan Ott
|
|
Batting: SHB Ryan Brown
|
0-0: Called Strike 0-1: Ball 1-1: Fly out, F9 (Flyball, 9, EV 81.9 MPH)
|
|
Batting: LHB Frank McConnell
|
0-0: Called Strike 0-1: Foul Ball, location: 2F 0-2: Ball 1-2: Strikes out swinging
|
|
Batting: LHB Roger Duque
|
0-0: Called Strike 0-1: Ball 1-1: Foul Ball, location: 2F 1-2: Ball 2-2: Ball 3-2: Fly out, F8 (Flyball, 8LS, EV 73.8 MPH)
|
| Bottom of the 8th over - 0 runs, 0 hits, 0 errors, 0 left on base; Boise 3 - Tri-City 1 |
| TOP OF THE 9TH |
|
Boise Hawks batting - Pitching for Tri-City Dust Devils : RHP Josh Smith
|
|
Pitching: LHP Andy Silveira
|
|
|
Batting: RHB Ryan Rinaldi
|
0-0: Ball 1-0: Ball 2-0: Called Strike 2-1: Ball 3-1: Base on Balls
|
|
Batting: LHB Greg Valenzuela
|
0-0: Swinging Strike Ryan Rinaldi is caught stealing 2nd base 2-6 0-1: Ball 1-1: Called Strike 1-2: Foul Ball, location: 2F 1-2: Strikes out looking
|
|
Batting: RHB Henry Alvizo
|
0-0: Called Strike 0-1: Ball 1-1: Foul Ball, location: 2F 1-2: Ball 2-2: Ball 3-2: Foul Ball, location: 2F 3-2: Base on Balls
|
|
Batting: LHB Glenn Lowther
|
0-0: Called Strike 0-1: SINGLE (Groundball, 5S, EV 70.6 MPH) (infield hit) Henry Alvizo to second
|
|
Batting: RHB Eric Delgado
|
0-0: Foul Ball, location: 2F 0-1: Swinging Strike 0-2: Ball 1-2: Fielders Choice at 2nd, 5-4 (Groundball, 56, EV 85.0 MPH)
|
| Top of the 9th over - 0 runs, 1 hit, 0 errors, 2 left on base; Boise 3 - Tri-City 1 |
| BOTTOM OF THE 9TH |
|
Tri-City Dust Devils batting - Pitching for Boise Hawks : LHP Dan Ott
|
|
Pitching: RHP Mitch Guerrero
|
|
|
Batting: RHB Hector Fernandez
|
0-0: DOUBLE (Flyball, 8RD, EV 95.6 MPH)
|
|
Batting: RHB Joe Weissman
|
0-0: Ball 1-0: Foul Ball, location: 2F 1-1: Foul Ball, location: 2F 1-2: Ball 2-2: SINGLE (Line Drive, 8RS, EV 98.1 MPH) Hector Fernandez to third
|
|
Batting: RHB Jeremy Mercer
|
0-0: Called Strike 0-1: Reached on error, E5 (Groundball, 56, EV 86.9 MPH) Hector Fernandez scores Joe Weissman to second
|
|
Pinch Runner at 2nd Derrick Abrams:
|
|
|
Batting: RHB Ron Major
|
0-0: Ball 1-0: Fly out, F5 (Popup, 25F, EV 83.1 MPH)
|
|
Batting: LHB Paul Adams
|
0-0: Ball 1-0: Ball 2-0: Called Strike 2-1: Foul Ball, location: 2F 2-2: Foul Ball, location: 2F 2-2: Ball 3-2: Strikes out swinging
|
|
Batting: RHB Ruben Luis
|
0-0: Called Strike 0-1: Ball Wild Pitch! Derrick Abrams to third Jeremy Mercer to second 1-1: Foul Ball, location: 2F 1-2: SINGLE (Groundball, 4M, EV 106.9 MPH) Derrick Abrams scores Jeremy Mercer to third
|
|
Batting: SHB Ryan Brown
|
0-0: Called Strike 0-1: Foul Ball, location: 2F 0-2: Strikes out swinging
|
| Bottom of the 9th over - 2 runs, 3 hits, 1 error, 2 left on base; Boise 3 - Tri-City 3 |
| TOP OF THE 10TH |
|
Boise Hawks batting - Pitching for Tri-City Dust Devils : LHP Andy Silveira
|
|
Pitching: RHP Angelo Radford
|
|
|
Now at C: Bernardino Truyeres
|
|
|
Batting: RHB Chris Tatum
|
0-0: Ground out 5-3 (Groundball, 56, EV 100.0 MPH)
|
|
Batting: LHB Zane Kelton
|
0-0: Ball 1-0: Fly out, F7 (Flyball, 7LS, EV 85.6 MPH)
|
|
Batting: SHB Jamie Locke
|
0-0: Foul Ball, location: 2F 0-1: Ground out 5-3 (Groundball, 5, EV 91.9 MPH)
|
| Top of the 10th over - 0 runs, 0 hits, 0 errors, 0 left on base; Boise 3 - Tri-City 3 |
| BOTTOM OF THE 10TH |
|
Tri-City Dust Devils batting - Pitching for Boise Hawks : RHP Mitch Guerrero
|
|
Pitching: RHP Tye Dickinson
|
|
|
Batting: LHB Frank McConnell
|
0-0: Ball 1-0: Ball 2-0: Swinging Strike 2-1: Called Strike 2-2: Strikes out looking
|
|
Batting: LHB Roger Duque
|
0-0: Ball 1-0: Called Strike 1-1: Ball 2-1: Foul Ball, location: 2F 2-2: Strikes out looking
|
|
Batting: RHB Hector Fernandez
|
0-0: Called Strike 0-1: Swinging Strike 0-2: Ball 1-2: Ground out 6-3 (Groundball, 6, EV 84.4 MPH)
|
| Bottom of the 10th over - 0 runs, 0 hits, 0 errors, 0 left on base; Boise 3 - Tri-City 3 |
| TOP OF THE 11TH |
|
Boise Hawks batting - Pitching for Tri-City Dust Devils : RHP Angelo Radford
|
|
Batting: LHB Eddie Gonzalez
|
0-0: Called Strike 0-1: Foul Ball, location: 2F 0-2: Foul Ball, location: 2F 0-2: Ball 1-2: DOUBLE (Flyball, 78XD, EV 88.1 MPH)
|
|
Batting: RHB Ryan Rinaldi
|
0-0: Swinging Strike 0-1: Ball 1-1: Foul Ball, location: 2F 1-2: Ball 2-2: Ground out 6-3 (Groundball, 6, EV 86.3 MPH) Eddie Gonzalez to third
|
|
Batting: LHB Greg Valenzuela
|
0-0: Intentional Walk
|
|
Batting: RHB Henry Alvizo
|
0-0: Called Strike 0-1: Swinging Strike 0-2: Ball Greg Valenzuela steals 2nd base (no throw) 1-2: Foul Ball, location: 2F 1-2: Strikes out looking
|
|
Batting: LHB Glenn Lowther
|
0-0: Called Strike 0-1: Foul Ball, location: 2F 0-2: Strikes out swinging
|
| Top of the 11th over - 0 runs, 1 hit, 0 errors, 2 left on base; Boise 3 - Tri-City 3 |
| BOTTOM OF THE 11TH |
|
Tri-City Dust Devils batting - Pitching for Boise Hawks : RHP Tye Dickinson
|
|
Batting: RHB Bernardino Truyeres
|
0-0: Swinging Strike 0-1: Ball 1-1: Ground out U3 (Groundball, 34, EV 106.9 MPH)
|
|
Batting: RHB Jeremy Mercer
|
0-0: Ball 1-0: Called Strike 1-1: Swinging Strike 1-2: Fly out, F9 (Line Drive, 9LM, EV 101.9 MPH)
|
|
Batting: RHB Ron Major
|
0-0: Ball 1-0: Foul Ball, location: 2F 1-1: DOUBLE (Groundball, 5L, EV 101.9 MPH)
|
|
Batting: LHB Paul Adams
|
0-0: Foul Ball, location: 2F 0-1: Swinging Strike 0-2: 2-RUN HOME RUN (Line Drive, 9D, EV 93.8 MPH), Distance : 358 ft
|
| Bottom of the 11th over - 2 runs, 2 hits, 0 errors, 0 left on base; Boise 3 - Tri-City 5 |
| GAME OVER ... TRI |
|
City defeats Boise, 5 to 3
|
|
|